 Dungeon Crawl Stone Soup version 0.30.0-5-g1a98f26d00 (webtiles) character file.

Game seed: 6355153419278928081

34785 Fymir27 the Protected (level 13, -4/180 HPs)
             Began as an Armataur Berserker on May 8, 2023.
             Was a High Priest of Trog.
             Slain by a wolf (7 damage)
             ... on level 4 of the Lair of Beasts on May 9, 2023.
             The game lasted 01:38:32 (15299 turns).

Fymir27 the Protected (Armataur Berserker)         Turns: 15299, Time: 01:38:32

Health: -4/180     AC: 17    Str: 26    XL:     13   Next: 44%
Magic:  13/13      EV: 11    Int:  9    God:    Trog [*****.]
Gold:   618        SH: 15    Dex: 26    Spells: 12/12 levels left

rFire   . . .        f - +0 broad axe
rCold   . . .        r - +2 buckler of the Depths {rN+ rCorr Str+3}
rNeg    + . .        U - +1 plate armour of the Modern God {*Slow Dex+7}
rPois   .            (no helmet)
rElec   .            t - +0 cloak
rCorr   +            o - +0 pair of gloves
SInv    .            (no barding)
Will    .....        p - amulet of reflection Stlth
                     C - +5 ring of evasion
HPRegen 0.50/turn    O - +6 ring of dexterity
MPRegen 0.13/turn

%: slow self (1%), reflection, roll
@: berserking, slowed
A: large, rugged brown scales 3, deformed body, armoured tail, roll, long
tongue, awkward tongue
a: Renounce Religion, Berserk, Trog's Hand, Brothers in Arms


You were on level 4 of the Lair of Beasts.
You worshipped Trog.
Trog was extremely pleased with you.
You visited 5 branches of the dungeon, and saw 18 of its levels.
You also visited: Ice Cave.

You collected 1166 gold pieces.
You spent 548 gold pieces at shops.

Inventory:

Hand Weapons
 f - a +0 broad axe (weapon)
 R - a +2 scimitar of flaming
 T - a +3 heavy trident
Missiles
 g - 30 poisoned darts (quivered)
 J - 2 curare-tipped darts
Armour
 o - a +0 pair of gloves (worn)
 r - the +2 buckler of the Depths (worn) {rN+ rCorr Str+3}
   (You found it on level 10 of the Dungeon)

   Str:       It affects your strength (+3).
   rN:        It protects you from negative energy.
   rCorr:     It protects you from acid and corrosion.
 t - a +0 cloak (worn)
 u - an orb of wrath
 U - the +1 plate armour of the Modern God (worn) {*Slow Dex+7}
   (You found it on level 7 of the Dungeon)

   Dex:       It affects your dexterity (+7).
   *Slow:     It may slow you when you take damage.
 W - a +1 robe of resistance
Jewellery
 a - a ring of positive energy
 p - an amulet of reflection (around neck)
 C - a +5 ring of evasion (left hand)
 O - a +6 ring of dexterity (right hand)
 P - a ring of see invisible
 Q - a +6 ring of strength
Wands
 y - a wand of polymorph (4)
 H - a wand of digging (2)
 I - a wand of charming (4)
Scrolls
 d - 2 scrolls of vulnerability
 e - 4 scrolls of fog
 h - 3 scrolls of enchant armour {unknown}
 i - 4 scrolls of teleportation {unknown}
 k - 4 scrolls of amnesia {unknown}
 m - 2 scrolls of noise {unknown}
 s - 4 scrolls of fear
 v - a scroll of brand weapon {unknown}
 B - 3 scrolls of magic mapping
 L - a scroll of silence {unknown}
 N - a scroll of torment {unknown}
 X - 2 scrolls of enchant weapon {unknown}
 Y - 2 scrolls of poison {unknown}
 Z - 5 scrolls of immolation
Potions
 b - 3 potions of magic {unknown}
 c - 4 potions of flight
 j - 3 potions of might
 l - a potion of ambrosia {unknown}
 n - 9 potions of curing
 q - a potion of haste {unknown}
 w - 7 potions of attraction
 x - 3 potions of mutation {unknown}
 z - 3 potions of heal wounds
 A - 3 potions of cancellation {unknown}
 D - 3 potions of lignification {unknown}
 E - a potion of berserk rage {unknown}
 F - 2 potions of resistance {unknown}
 K - a potion of invisibility
 M - 2 potions of brilliance {unknown}
Miscellaneous
 G - a phantom mirror
 S - a piece from Xom's chessboard (15/15)


   Skills:
 + Level 10.0 Fighting
 - Level 3.0 Maces & Flails
 * Level 12.1 Polearms
 + Level 4.6 Throwing
 + Level 12.6 Armour
 - Level 1.3 Dodging
 + Level 11.0 Shields


You had 12 spell levels left.
You didn't know any spells.
Your spell library contained the following spells:

 Spells                   Type           Power      Damage    Failure   Level
 Beastly Appendage        Tmut           0%         N/A       98%         1
 Sandblast                Erth           0%         2d4       98%         1
 Sting                    Tmut/Pois      0%         1d3       98%         1
 Blink                    Tloc           0%         N/A       99%         2
 Ensorcelled Hibernation  Hex/Ice        0%         N/A       99%         2
 Passwall                 Tmut/Erth      0%         N/A       99%         2
 Poisonous Vapours        Pois/Air       0%         N/A       99%         2
 Wereblood                Tmut           0%         N/A       99%         2
 Gell's Gravitas          Tloc           0%         N/A       100%        3
 Spider Form              Tmut/Pois      0%         N/A       100%        3
 Stone Arrow              Conj/Erth      0%         3d7       100%        3
 Swiftness                Air            0%         N/A       100%        3
 Teleport Other           Tloc           0%         N/A       100%        3
 Anguish                  Hex/Necr       0%         N/A       100%        4
 Animate Armour           Summ/Erth      0%         N/A       100%        4
 Manifold Assault         Tloc           0%         N/A       100%        4
 Olgreb's Toxic Radiance  Pois           0%         N/A       100%        4
 Blade Hands              Tmut           0%         N/A       100%        5
 Dispersal                Tloc           0%         N/A       100%        6
 Iron Shot                Conj/Erth      0%         9d1       100%        6
 Enfeeble                 Hex            0%         N/A       100%        7
 Storm Form               Tmut/Air       0%         N/A       100%        7


Dungeon Overview and Level Annotations

Branches:
Dungeon (11/15)            Temple (1/1) D:5            Lair (4/5) D:8
 Shoals (1/4) Lair:3       Spider (1/4) Lair:2        IceCv (visited)
  Slime: Lair:4-5       Orc: D:9-12

Altars:
Ashenzari
Cheibriados
Dithmenos
Elyvilon
Fedhas
Gozag
Hepliaklqana
Kikubaaqudgha
Makhleb
Nemelex Xobeh
Okawaru
Qazlal
Ru
Sif Muna
Trog
Uskayaw
Vehumet
Wu Jian
Xom
Yredelemnul
Zin
The Shining One

Shops:
D:1 [:*(?   D:7 (   D:9 (

Annotations:
D:2 exclusion: downstairs
Lair:2 3 runed translucent doors, Dadi's ghost, journeyman DECj; caveywoolpert's ghost, journeyman GrEE; randart's ghost, journeyman DECj; rlgrobin's ghost, journeyman TrGl


Innate Abilities, Weirdness & Mutations

You are completely covered in rugged brown scales. (AC +3, +7% HP)
Armour fits poorly on your strangely shaped body.
You have a long armoured tail.
You roll when moving toward enemies. (Rampage)
Your long tongue fully drains potion bottles. (2x potion effects)
Your tongue gives you trouble enunciating. (1.5x scroll delay)


Message History

You kill the wolf!
Trog accepts your kill.
You barely miss the wolf. You closely miss the wolf.
You block the wolf's attack. The wolf bites you but does no damage.
You block the wolf's attack.
The wolf bites you but does no damage. x2
You block the wolf's attack. x2; The wolf bites you but does no damage. x2
The wolf barely misses you.
You miss the wolf.
The wolf is lightly wounded.
You slash the wolf!
You kill the wolf!
Trog accepts your kill.
You hit the wolf. You closely miss the wolf. You slash the wolf!
You kill the wolf!
Trog accepts your kill. The wolf closely misses you.
You block the wolf's attack. The wolf bites you.
* * * LOW HITPOINT WARNING * * *
You block the wolf's attack. x3
Your phantom mirror has recharged.
Your Shields skill increases to level 11!
You slice the wolf!!
You kill the wolf!
Trog accepts your kill.
You barely miss the wolf. You slash the wolf!
You kill the wolf!
Trog accepts your kill.
You completely miss the wolf. You block the wolf's attack. x2
The wolf barely misses you. The wolf bites you but does no damage.
You slice the wolf!!
The wolf is almost dead.
You slash the wolf! The wolf bites you but does no damage.
You block the wolf's attack. The wolf bites you.
* * * LOW HITPOINT WARNING * * *
You block the wolf's attack.
A cane toad comes into view.
You miss the wolf.
The wolf is almost dead.
You miss the wolf. You block the wolf's attack. x2
The wolf bites you but does no damage. The wolf bites you!
You die...

##......[.........
##..<.........>..
#...............
##.............#
#..####....##.#
#...##....... .
#...#.........
#####..††#........
......†@†......
......hh†.....#
#.P........####
####...#..## #P...
... #.... ....
##... ..♣.. #...
......


You could see 2 wolves.

Vanquished Creatures
  Rupert (Lair:4)
  2 hydras (Lair:3)
  A radroach (Spider:1)
  A boulder beetle (Lair:4)
  Erica (D:9)
  A two-headed ogre (D:10)
  Nergalle (Lair:3)
  Amaemon (D:9)
  A skyshark (Lair:2)
  A manticore (Shoals:1)
  A wolf spider (Spider:1)
  An ugly thing (IceCv)
  4 elephants
  2 merfolk sirens
  Joseph (D:8)
  2 black mambas
  7 cane toads
  A torpor snail (Lair:3)
  Maggie (Lair:2)
  2 rime drakes
  5 komodo dragons
  A gargoyle (D:10)
  An orange demon (D:9)
  2 ice devils (D:11)
  3 polar bears
  Grinder (D:5)
  A troll (D:10)
  9 blink frogs
  A dream sheep (Lair:3)
  Sigmund (D:3)
  20 yaks
  2 jumping spiders (Spider:1)
  A spriggan (Lair:2)
  2 shadows
  3 wyverns
  2 wraiths
  Eustachio (D:5)
  4 steam dragons
  A vampire mosquito (D:7)
  A basilisk (Lair:2)
  5 acid dragons
  Duvessa (D:5)
  13 water moccasins
  6 ice beasts
  4 orc warriors
  4 black bears
  3 ogres (D:6)
  28 wolves
  2 phantoms
  4 kobold brigands
  8 bullfrogs
  A gnoll sergeant (D:7)
  5 scorpions
  16 wights
  Dowan (D:5)
  2 electric eels
  2 howler monkeys
  A lava snake (D:9)
  3 orc priests
  3 gnoll boudas
  8 hounds
  5 jellies
  7 orc wizards
  A sleepcap (D:8)
  10 iguanas
  3 polar bear simulacra (IceCv)
  4 hell rats (Lair:1)
  2 wolf simulacra (IceCv)
  27 gnolls
  4 adders
  2 white imps (D:7)
  A dart slug (D:2)
  29 orcs
  2 bats
  13 endoplasms
  4 giant cockroaches
  6 hobgoblins
  7 jackals
  21 kobolds
  5 quokkas
  6 ball pythons
  2 frilled lizards
  5 goblins
  9 rats
  2 butterflies (Lair:2)
392 creatures vanquished.

Vanquished Creatures (collateral kills)
  An ugly thing (D:7)
  A manticore (D:7)
  A jelly (D:7)
  A white imp (D:7)
  An orc (D:7)
5 creatures vanquished.

Grand Total: 397 creatures vanquished

Notes
Turn   | Place    | Note
-------+----------+-------------------------------------------
     0 | D:1      | Fymir27 the Armataur Berserker began the quest for the Orb.
     0 | D:1      | Reached XP level 1. HP: 19/19 MP: 1/1
    40 | D:1      | Found Woedumio's Book Emporium.
    77 | D:1      | Found Lehos's Assorted Antiques.
   317 | D:1      | Reached XP level 2. HP: 26/26 MP: 2/2
   440 | D:1      | Found Ali Fan's Antique Weapon Boutique.
   526 | D:1      | Found Tiesov's Armour Shop.
   574 | D:1      | Found Melude's Magic Scroll Emporium.
   840 | D:1      | Reached XP level 3. HP: 26/33 MP: 3/3
  1170 | D:2      | Found a hide-covered altar of Uskayaw.
  1181 | D:2      | Reached ** piety under Trog
  1435 | D:1      | Reached skill level 1 in Polearms
  1495 | D:2      | Reached XP level 4. HP: 40/40 MP: 4/4
  1900 | D:3      | Noticed Sigmund
  2036 | D:3      | Killed Sigmund
  2037 | D:3      | Reached skill level 1 in Shields
  2037 | D:3      | Reached XP level 5. HP: 49/49 MP: 5/5
  2037 | D:3      | Reached XP level 6. HP: 55/55 MP: 6/6
  2125 | D:3      | Found a faded altar of an unknown god.
  2511 | D:3      | Found a shimmering blue altar of Sif Muna.
  2882 | D:4      | Reached skill level 5 in Armour
  2882 | D:4      | Reached XP level 7. HP: 63/63 MP: 7/7
  2932 | D:4      | Found a bloodstained altar of Trog.
  3113 | D:4      | Reached *** piety under Trog
  3244 | D:5      | Entered Level 5 of the Dungeon
  3404 | D:5      | Noticed Dowan
  3406 | D:5      | Noticed Duvessa
  3412 | D:5      | Killed Duvessa
  3420 | D:5      | Killed Dowan
  3421 | D:5      | Reached XP level 8. HP: 71/71 MP: 8/8
  3718 | D:5      | Found a staircase to the Ecumenical Temple.
  3727 | Temple   | Entered the Ecumenical Temple
  3943 | D:5      | Noticed Eustachio
  3953 | D:5      | Killed Eustachio
  3954 | D:5      | Reached skill level 5 in Fighting
  3954 | D:5      | Reached skill level 5 in Polearms
  4206 | D:5      | Noticed Grinder
  4218 | D:5      | Killed Grinder
  4413 | D:6      | Reached skill level 5 in Shields
  4416 | D:6      | Reached XP level 9. HP: 79/79 MP: 9/9
  5007 | D:6      | Found a snail-covered altar of Cheibriados.
  5663 | D:7      | Found Kuath's Weapon Shop.
  5843 | D:7      | Reached skill level 1 in Throwing
  6179 | D:7      | Reached **** piety under Trog
  6193 | D:7      | Noticed a cyan ugly thing
  6205 | D:7      | Killed a cyan ugly thing
  6206 | D:7      | Reached XP level 10. HP: 71/89 MP: 10/10
  6215 | D:7      | Noticed a manticore
  6216 | D:7      | Identified the +1 long sword "Dats" {flame, Will+ Str+2}
  6219 | D:7      | Killed a manticore
  6307 | D:7      | Identified the +1 plate armour of the Modern God {*Slow
                  | Dex+7}
  6687 | D:7      | Found a blossoming altar of Fedhas.
  6817 | D:7      | Found a burning altar of Makhleb.
  6964 | D:8      | Noticed Joseph
  6976 | D:8      | Killed Joseph
  7439 | D:8      | Found a staircase to the Lair.
  7498 | D:8      | Reached XP level 11. HP: 38/89 MP: 11/11
  8191 | D:8      | Found a white marble altar of Elyvilon.
  8449 | D:9      | Reached ***** piety under Trog
  8530 | D:9      | Noticed Erica
  8541 | D:9      | Killed Erica
  8580 | D:9      | Found a glowing silver altar of Zin.
  8674 | D:9      | Found a hide-covered altar of Uskayaw.
  8681 | D:9      | Found a glowing golden altar of the Shining One.
  8685 | D:9      | Found a broken altar of Ashenzari.
  8718 | D:9      | Found Teowos's Antique Weapon Shoppe.
  8738 | D:9      | You fall into a shaft and drop 1 floor!
  8738 | D:10     | Entered Level 10 of the Dungeon
  9251 | D:9      | Noticed Amaemon
  9271 | D:9      | Killed Amaemon
  9329 | D:9      | Reached skill level 10 in Armour
  9523 | D:10     | Noticed a two-headed ogre
  9535 | D:10     | Killed a two-headed ogre
 10231 | D:10     | Identified the +2 buckler of the Depths {rN+ rCorr Str+3}
 10486 | D:11     | Found a frozen archway.
 10606 | IceCv    | Entered an ice cave
 10629 | IceCv    | Noticed a white ugly thing
 10644 | IceCv    | Killed a white ugly thing
 10645 | IceCv    | Reached skill level 10 in Polearms
 11087 | D:1      | Bought the +1 plate armour of Reurchako {Dex+2} for 548
                  | gold pieces
 11293 | Lair:1   | Entered Level 1 of the Lair of Beasts
 11415 | Lair:1   | Reached XP level 12. HP: 78/110 MP: 12/12
 12905 | Lair:2   | Found a hole to the Spider Nest.
 12913 | Spider:1 | Entered Level 1 of the Spider Nest
 12938 | Spider:1 | Noticed a radroach
 12949 | Spider:1 | Killed a radroach
 12950 | Spider:1 | Reached skill level 10 in Shields
 13086 | Lair:2   | Found a runed translucent gate.
 13087 | Lair:2   | Found a runed translucent gate.
 13087 | Lair:2   | Found a runed translucent gate.
 13088 | Lair:2   | Noticed Dadi's ghost (journeyman DECj)
 13088 | Lair:2   | Noticed randart's ghost (journeyman DECj)
 13088 | Lair:2   | Noticed caveywoolpert's ghost (journeyman GrEE)
 13088 | Lair:2   | Noticed rlgrobin's ghost (journeyman TrGl)
 13145 | Lair:2   | Noticed Maggie
 13155 | Lair:2   | Killed Maggie
 13771 | Lair:3   | Identified the +6 chain mail "Afyereof" {Harm +Blink Int-5}
 13775 | Lair:3   | Noticed a seven-headed hydra
 13778 | Lair:3   | Noticed a five-headed hydra
 13781 | Lair:3   | Killed a five-headed hydra
 13782 | Lair:3   | Killed a four-headed hydra
 13783 | Lair:3   | Reached XP level 13. HP: 118/118 MP: 13/13
 14155 | Lair:3   | Noticed Nergalle
 14162 | Lair:3   | Killed Nergalle
 14236 | Lair:3   | Found a staircase to the Shoals.
 14253 | Shoals:1 | Entered Level 1 of the Shoals
 14676 | Lair:3   | Identified the +7 rapier "Ebojadghohu" {freeze, rPois rF+
                  | Will+ Stlth-}
 14810 | Lair:3   | Identified the +0 battleaxe "Fidurhou" {drain, *Corrode
                  | rElec Int+6}
 14848 | Lair:4   | Noticed Rupert
 14869 | Lair:4   | Killed Rupert
 15116 | Lair:4   | Reached skill level 10 in Fighting
 15294 | Lair:4   | HP: 5/180 [wolf (9)]
 15298 | Lair:4   | HP: 2/180 [wolf (4)]
 15299 | Lair:4   | Slain by a wolf

Illustrated notes

Levels and vault maps discovered:
D:1:      tarquinn_simple_flora_water_b, layout_loops_ring, serial_shops,
          nicolae_shop_rolling_square, nicolae_shop_trees,
          nicolae_shop_tiny_waterfront, nicolae_shop_getting_attention,
          nicolae_square_shop, nicolae_grassy_gnolls
D:2:      kennysheep_six_static_rooms, layout_basic, basic_altar,
          nicolae_concentric_dashed_squares_wild, kennysheep_small_spiral,
          kennysheep_donut
D:3:      layout_rooms, led_sif_pool, hellmonk_ecumenical_altar_leap_of_faith,
          small_statue_intersection, serial_bayou_pond_c, uniq_sigmund
D:4:      layout_basic, trog_ov_bears_minmay, minmay_cut_off
D:5:      layout_basic, minmay_temple_entry_large_hall, serial_glass,
          glass_columns_b, glass_columns_a, glass_columns_b, glass_columns_a,
          glass_columns_c, glass_columns_b, uniq_duvessa, uniq_grinder,
          uniq_eustachio
D:6:      layout_loops_corners, mainiacjoe_overflow_24_doors,
          chequers_arboretum, grunt_ministairs_7, kennysheep_decorative_pillar,
          kennysheep_generic_room_13
D:7:      minmay_the_grid_octo_2x2 [minmay_the_grid_octo_focus,
          minmay_the_grid_octo_odd_swirl, minmay_the_grid_octo_empty,
          minmay_the_grid_octo_prize_ultimate_mussel_roller], layout_cave_pools,
          kennysheep_mini, bloody_makhleb, serial_gnoll_camp,
          gnoll_camp_mini_doghouse, gnoll_camp_mini_shop, gnoll_camp_medium_02,
          gnoll_camp_mini_hut
D:8:      layout_basic, elyvilon_altar_5, hellmonk_lair_entry_icy, uniq_joseph
D:9:      layout_small_grid, lemuel_doored_altar, grunt_temple_overflow_diamond,
          serial_shops, shop, kennysheep_nondescript, grunt_decor_junction,
          uniq_amaemon, uniq_erica
D:10:     layout_loops_ring
D:11:     layout_cave_pods, david_orc_5, portal_ice_cave_demonic_guard,
          uniq_urug, uniq_harold
Temple:   nicolae_temple_slightly_damp_pantheon
Lair:1:   layout_hall_layers, gammafunk_lair_bear_cave, lemuel_fruit_tree,
          lemuel_fruit_fields
Lair:2:   layout_roguey, dummy_spider_entry, gammafunk_ghost_cemetery,
          minmay_stone_trees_small, grunt_forest_stairs_clearing,
          grunt_megastairs_3, lemuel_fruit_fields, uniq_maggie
Lair:3:   nzn_winding_woodlands_stair_trap
          [nzn_winding_woodlands_5x15_pathside_ponds,
          nzn_winding_woodlands_5x15_pool, nzn_winding_woodlands_5x15_twine,
          nzn_winding_woodlands_15x15_five_gardens,
          nzn_winding_woodlands_5x15_cabin,
          nzn_winding_woodlands_5x15_river_crossing,
          nzn_winding_woodlands_5x15_garden], layout_loops_ring,
          minmay_shoals_entry_lonely_mermaid, wad_woods_road_06, uniq_nergalle
Lair:4:   layout_gridlike, slime_entry_1, grunt_forest_large_clearings,
          uniq_rupert
Shoals:1: layout_shoals, nicolae_shop_vocational
Spider:1: layout_spider_delve, nicolae_spider_baby_got_redback

Skill      XL: |  1  2  3  4  5  6  7  8  9 10 11 12 13 |
---------------+----------------------------------------+-----
Fighting       | 3 4 5 6 7 8 9 10 | 10.0
Maces & Flails | 3 |  3.0
Armour         | 3 4 5 7 8 9 10 12 | 12.6
Polearms       | 1 2 3 4 5 7 8 10 11 12 | 12.1
Shields        | 1 2 3 5 6 7 9 10 11 | 11.0
Throwing       | 2 4 |  4.6
Dodging        | |  1.3

Action                     |  1- 3 |  4- 6 |  7- 9 | 10-12 | 13-15 || total
---------------------------+-------+-------+-------+-------+-------++-------
  Melee: Mace              |    48 |       |       |       |       ||    48
         Tailslap          |     6 |     6 |    52 |   118 |    25 ||   207
         Spear             |    37 |    88 |   384 |   249 |       ||   758
         Punch             |     1 |       |       |       |       ||     1
         Hand axe          |       |    10 |    34 |       |       ||    44
         Long sword        |       |       |       |    23 |       ||    23
         Trident           |       |       |       |   525 |    90 ||   615
         Scimitar          |       |       |       |     3 |    12 ||    15
         Broad axe         |       |       |       |       |    26 ||    26
  Throw: Dart              |       |     4 |     9 |    24 |    17 ||    54
         Boomerang         |       |       |       |     3 |       ||     3
         Throwing net      |       |       |       |     3 |     1 ||     4
 Invoke: Berserk           |     2 |     3 |     9 |    11 |     3 ||    28
         Trog's Hand       |       |     1 |     2 |     2 |     1 ||     6
         Brothers in Arms  |       |       |     1 |     1 |       ||     2
  Evoke: Phantom mirror    |       |       |       |     1 |       ||     1
         Wand              |       |       |       |       |     1 ||     1
    Use: Scroll            |       |     3 |     3 |     4 |       ||    10
         Potion            |       |       |       |     1 |     1 ||     2
   Stab: Sleeping          |     1 |     3 |       |       |       ||     4
         Distracted        |       |       |       |     1 |       ||     1
 Armour: Animal skin       |    18 |    18 |       |       |       ||    36
         Scale mail        |       |       |    36 |       |       ||    36
         Chain mail        |       |       |    29 |   125 |       ||   154
         Plate armour      |       |       |       |   108 |    91 ||   199
         Robe              |       |       |       |     3 |       ||     3
  Dodge: Dodged            |    21 |    19 |   105 |   269 |    86 ||   500
  Block: Buckler           |       |    25 |   132 |   427 |   125 ||   709
         Other             |       |     2 |       |       |       ||     2
         Reflection        |       |       |     5 |     7 |     1 ||    13
